 Dungeon Crawl Stone Soup version 0.27.1-1-g398f81649c (webtiles) character file.

Game seed: 4713455912830946034

56 MisterFreud the Insei (level 4, 0/32 HPs)
             Began as a Djinni Transmuter on Sept 5, 2021.
             Slain by Terence (5 damage)
             ... on level 2 of the Dungeon.
             The game lasted 00:02:59 (2492 turns).

MisterFreud the Insei (Djinni Transmuter)           Turns: 2492, Time: 00:03:00

Health: 0/32       AC:  2    Str:  9    XL:     4   Next: 15%
Gold:   24         EV: 12    Int: 15    God:
                   SH:  0    Dex: 14

rFire    + + .     SeeInvis .     - Unarmed
rCold    x . .     Faith    .   (no shield)
rNeg     . . .     Spirit   .   a - +0 robe
rPois    ∞         Reflect  .   (no helmet)
rElec    .         Harm     .   (no cloak)
rCorr    .         Rampage  .   (no gloves)
Will     .....                  (boots unavailable)
Stlth    +.........             (no amulet)
HPRegen  0.10/turn              (no ring)
MPRegen  0.00/turn              (no ring)

@: flying
A: sickness immunity, fire resistance 2, cold vulnerability 1, float, innate
caster, hp casting, extra vitality 1
a: no special abilities


You were on level 2 of the Dungeon.
You visited 1 branch of the dungeon, and saw 2 of its levels.

You collected 24 gold pieces.

Inventory:

Armour
 a - a +0 robe (worn)
Jewellery
 d - an amulet of regeneration
Scrolls
 b - a scroll of fog {unknown}
 c - a scroll of noise {unknown}
Potions
 e - 2 potions of ambrosia {unknown}


   Skills:
 - Level 1.0 Fighting
 - Level 2.2 Dodging
 - Level 0.3 Stealth
 + Level 4.1 Unarmed Combat
 + Level 2.1 Spellcasting


You couldn't memorise any spells.
You knew the following spells:

 Your Spells              Type           Power      Damage    Failure   Level
a - Beastly Appendage     Tmut           16%        N/A       9%          1
b - Wereblood             Tmut           8%         N/A       14%         2
c - Spider Form           Tmut/Pois      4%         N/A       26%         3
d - Ice Form              Ice/Tmut       8%         N/A       65%         4
e - Corona                Hex            8%         N/A       9%          1
Your spell library was empty.

Dungeon Overview and Level Annotations

Branches:
Dungeon (2/15)

Altars:

Annotations:
D:2 Terence


Innate Abilities, Weirdness & Mutations

You are immune to sickness and miasma.
You are immune to poison.
Your flesh is very heat resistant. (rF++)
You are vulnerable to cold. (rC-)
You float through the air rather than walking.
You learn spells naturally, not from books.
Your magical power is your life essence.
You have superior vitality. (+4 HP)


Message History

You miss the adder.
The adder is moderately wounded.
The adder bites you.
* * * LOW HITPOINT WARNING * * *
You hit the adder. You headbutt the adder.
You kill the adder!
You have reached level 4!
You feel agile.
You start resting.
Your horns disappear.
You start resting.
HP restored.
Casting: Beastly Appendage (safe; 9% risk of failure)
Confirm with . or Enter, or press ? or * to list all spells.
You grow a pair of large bovine horns.
You fly downwards.
Level annotation: Terence Terence barely misses you.
Terence hits you with a +0 morningstar!
There is a stone staircase leading up here.
You hit Terence but do no damage.
Your transformation is almost over.
Terence barely misses you.
You hit Terence but do no damage. Terence closely misses you.
You hit Terence.
Terence is lightly wounded.
Terence hits you with a +0 morningstar.
You hit Terence.
Terence is lightly wounded.
Terence closely misses you.
You closely miss Terence.
Terence is lightly wounded.
Terence hits you with a +0 morningstar!
* * * LOW HITPOINT WARNING * * *
You hit Terence.
Terence is lightly wounded.
Terence hits you with a +0 morningstar.
* * * LOW HITPOINT WARNING * * *
Your horns disappear.
Terence hits you with a +0 morningstar.
You die...

##.#.# ....# ##
#.#.##
#.##.#..######
#............#
#.##.#..###........
#..#..#.# ##.#.....
######.#..###..
.......
.......@##.#.###
.#.....
...###.<@...#
.#..... ....
#..##### .# ....
....###.## .# ...
........# #.#
###.###.##########.#
#.##.............#
##(##..#########..#
##...#..####### #..#


You could see Terence.

Vanquished Creatures
  An adder (D:1)
  2 bats
  4 endoplasms (D:1)
  2 giant cockroaches
  7 goblins (D:1)
  5 hobgoblins (D:1)
  4 jackals (D:1)
  3 quokkas
  2 ball pythons (D:1)
  4 frilled lizards (D:1)
  4 kobolds (D:1)
  2 rats (D:1)
40 creatures vanquished.

Notes
Turn   | Place    | Note
-------+----------+-------------------------------------------
     0 | D:1      | MisterFreud the Djinni Transmuter began the quest for the
                  | Orb.
     0 | D:1      | Reached XP level 1. HP: 17/17 MP: 0/0
   315 | D:1      | Reached XP level 2. HP: 17/22 MP: 0/0
   973 | D:1      | Reached XP level 3. HP: 26/27 MP: 0/0
   973 | D:1      | Learned a level 1 spell: Corona
  1807 | D:1      | Reached skill level 4 in Unarmed Combat
  2233 | D:2      | Noticed Terence
  2256 | D:1      | Reached XP level 4. HP: 9/32 MP: 0/0
  2492 | D:2      | Slain by Terence

Illustrated notes

Levels and vault maps discovered:
D:1:      kennysheep_arrival_forest, layout_loops_ring, minmay_hedge_maze,
          hangedman_decor_push
D:2:      layout_loops_ring, corexii_leaking_fountain, uniq_terence

Skill      XL: |  1  2  3 |
---------------+----------+-----
Spellcasting   | 2 |  2.1
Unarmed Combat | 4 |  4.1
Fighting       | |  1.0
Dodging        | |  2.2
Stealth        | |  0.3

Action                   |  1- 3 |  4- 6 || total
-------------------------+-------+-------++-------
Melee: Unarmed           |   167 |     6 ||   173
       Headbutt          |    16 |       ||    16
       Punch             |     2 |       ||     2
 Cast: Beastly Appendage |    32 |     1 ||    33
Armor: Robe              |    25 |       ||    25
Dodge: Dodged            |   110 |     4 ||   114
